 Dungeon Crawl Stone Soup version 0.31-a0-1042-ga9834b393d (webtiles) character file.

Game seed: 13121410471406384015

16 MackTheKnife the Digger (level 2, 0/19 HPs)
             Began as a Formicid Earth Elementalist on Nov 20, 2023.
             Slain by a quokka (3 damage)
             ... on level 1 of the Dungeon.
             The game lasted 00:00:47 (482 turns).

MackTheKnife the Digger (FoEE)                       Turns: 482, Time: 00:00:47

Health: 0/19       AC:  2    Str: 12    XL:     2   Next: 70%
Magic:  0/5        EV: 12    Int: 14    God:
Gold:   20         SH:  0    Dex: 14    Spells: 4/5 levels left

rFire   . . .        g - +2 dagger (drain) {short}
rCold   . . .        (no shield)
rNeg    . . .        a - +0 robe
rPois   +            (helmet unavailable)
rElec   .            (no cloak)
rCorr   .            (no gloves)
SInv    +            (no boots)
Will    .....        (no amulet)
Stlth   ++           c - ring of poison resistance
HPRegen 0.23/turn    (no ring)
MPRegen 0.09/turn

%: no passive effects
@: no status effects
A: permanent stasis, dig shafts and tunnels, antennae 3, four strong arms
a: Dig, Shaft Self


You were on level 1 of the Dungeon.
You visited 1 branch of the dungeon, and saw 1 of its levels.

You collected 20 gold pieces.


Innate Abilities, Weirdness & Mutations

You cannot be hasted, slowed, berserked, paralysed or teleported.
You can dig through walls and to a lower floor.
You have a pair of large antennae on your head. (SInv)
Your four strong arms can wield two-handed weapons with a shield.


   Skills:
 - Level 1.7 Dodging
 - Level 2.4 Stealth
 - Level 2.1 Spellcasting
 - Level 1.1 Transmutations
 + Level 4.6 Earth Magic


You had 4 spell levels left.
You knew the following spells:

 Your Spells              Type           Power      Damage    Failure   Level
a - Sandblast             Erth           28%        2d8       3%          1

Your spell library contained the following spells:

 Spells                   Type           Power      Damage    Failure   Level
 Passwall                 Tmut/Erth      7%         N/A       11%         2
 Stone Arrow              Conj/Erth      16%        3d8       26%         3
 Petrify                  Tmut/Erth      9%         N/A       56%         4
 Brom's Barrelling Bould  Conj/Erth      8%         2d3       65%         4

Inventory:

Hand Weapons
 g - a +2 dagger of draining (weapon) {short}
   (You took it off a goblin on level 1 of the Dungeon)
Armour
 a - a +0 robe (worn)
Jewellery
 c - a ring of poison resistance (left hand)
   (You found it on level 1 of the Dungeon)
Scrolls
 d - a scroll of noise {unknown}
 e - a scroll of vulnerability {unknown}
Potions
 b - a potion of magic

Dungeon Overview and Level Annotations

Branches:
Dungeon (1/15) Zot: 5504

Altars:

## #......######....
#....#...............#
##..#.†.......######..#
...###..###### ####..#
#?.........#####..†..#
#..#######.##....#.#..
#.###...# #....####.##.
......#.#######...####.##.
......).r@................
......#.#######.#.####.##.
..... #...# ###.#......##.
#.## ###.###...###...###.
. #.....####...## #.
#...............#.# #.
#.##########..###.# #.
#...##.# #. #.#....# #.


You could see a quokka.


Message History

You sense a monster nearby.
A goblin comes into view. It is wielding a +2 dagger of draining.
The goblin shouts!
A goblin is nearby!
The blast of sand hits the goblin!
You kill the goblin! 😎 MP[-1]
You lost 1 mp, and now have 4/5 mp.
You now have 12 gold pieces.
g - a +2 dagger of draining {short} You see here a goblin corpse. 😎 MP[+1]
Your mp is fully restored (5).
You sense an unholy aura.
g - a +2 dagger of draining (weapon)
{short} You drop a +0 dagger {short}.
Key pressed, stopping explore.
A ball python comes into view.
A ball python is nearby!
You can't see any susceptible monsters within range! (Use Z to cast anyway.)
You can't see any susceptible monsters within range! (Use Z to cast anyway.)
You can't see any susceptible monsters within range! (Use Z to cast anyway.)
The ball python hisses angrily.
The blast of sand hits the ball python!
You kill the ball python! 😎 MP[-1]
You lost 1 mp, and now have 4/5 mp.
You can't see any susceptible monsters within range! (Use Z to cast anyway.)
Okay, then.
You sense a monster nearby. 😎 MP[+1]
Your mp is fully restored (5).
A rat comes into view.
A rat is nearby!
The blast of sand hits the rat!
You kill the rat! 😎 MP[-1]
You lost 1 mp, and now have 4/5 mp.
You sense a monster nearby. 😎 MP[+1]
Your mp is fully restored (5).
No target in view!
You sense a monster nearby.
You now have 20 gold pieces (gained 8).
A goblin and 2 quokkas come into view.
The goblin shouts!
You hear an angry hiss.
A ball python comes into view.
Unknown command.
The blast of sand hits the goblin!
You kill the goblin! 😎 MP[-1]
You lost 1 mp, and now have 4/5 mp.
The blast of sand hits the quokka.
The quokka bites you. 😮 HP[-5] MP[-1]
You take 5 damage, and now have 14/19 hp.
MASSIVE DAMAGE!! (PAUSE)
You lost 1 mp, and now have 3/5 mp.
You are too injured to fight recklessly!
Unknown command.
Casting: Sandblast (safe; 3% risk of failure)
Confirm with . or Enter, or press ? or * to list all spells.
Okay, then.
The quokka barely misses you. The quokka attacks as it pursues you!
The quokka closely misses you. 😕 HP[+1]
Casting: Sandblast (safe; 3% risk of failure)
Confirm with . or Enter, or press ? or * to list all spells.
Aiming: Sandblast (safe; 3% risk of failure)
Press: ? - help, Shift-Dir - straight line, f/p - quokka
Aim: a quokka (almost dead, 75% to hit)
The blast of sand misses the quokka.
The blast of sand hits the quokka.
You kill the quokka!
The quokka closely misses you. The quokka bites you. 😮 HP[-5] MP[-1]
You take 5 damage, and now have 10/19 hp.
MASSIVE DAMAGE!! (PAUSE)
You lost 1 mp, and now have 2/5 mp.
Casting: Sandblast (safe; 3% risk of failure)
Confirm with . or Enter, or press ? or * to list all spells.
Aiming: Sandblast (safe; 3% risk of failure)
Press: ? - help, Shift-Dir - straight line, f - quokka
Aim: a quokka (75% to hit)
The blast of sand hits the quokka but does no damage.
The quokka bites you.
* * * LOW HITPOINT WARNING * * *
The quokka bites you.
* * * LOW HITPOINT WARNING * * *
😱 HP[-8] MP[-1]
You take 8 damage, and now have 2/19 hp.
MASSIVE DAMAGE!! (PAUSE)
You lost 1 mp, and now have 1/5 mp.
Casting: Sandblast (safe; 3% risk of failure)
Confirm with . or Enter, or press ? or * to list all spells.
Aiming: Sandblast (safe; 3% risk of failure)
Press: ? - help, Shift-Dir - straight line, f/p - quokka
Aim: a quokka (75% to hit)
The blast of sand misses the quokka.
The blast of sand hits the ball python!
You kill the ball python!
The quokka bites you.
You die...

Skill      XL: |  1 |
---------------+----+-----
Earth Magic    | 4 |  4.6
Dodging        | |  1.7
Stealth        | |  2.4
Spellcasting   | |  2.1
Transmutations | |  1.1

Action                     || total
---------------------------++-------
  Melee: Unarmed           ||     1
   Cast: Sandblast         ||    24
 Armour: Robe              ||    10
  Dodge: Dodged            ||     6

Levels and vault maps discovered:
D:1:      lightli_arrival_boilingwater, layout_rooms

Notes
Turn   | Place    | Note
-------+----------+-------------------------------------------
     0 | D:1      | MackTheKnife the Formicid Earth Elementalist began the
                  | quest for the Orb.
     0 | D:1      | Reached XP level 1. HP: 13/13 MP: 3/3
     0 | D:1      | magus.rc [v1.9.6]
    78 | D:1      | Reached skill level 4 in Earth Magic
   219 | D:1      | Reached XP level 2. HP: 19/19 MP: 0/5
   481 | D:1      | HP: 2/19 [quokka (4)]
   482 | D:1      | Slain by a quokka

Vanquished Creatures
  4 ball pythons (D:1)
  A bat (D:1)
  2 endoplasms (D:1)
  3 goblins (D:1)
  A quokka (D:1)
  3 rats (D:1)
14 creatures vanquished.

Table legend:
 A = Non-vault XP
 B = Vault XP
 C = Vault XP percentage of total XP
 D = Non-vault monster count
 E = Vault monster count
 F = Vault count percentage of total count
                 A         B        C        D         E       F
            +---------+---------+-------+---------+---------+-------
      Total |      24 |       0 |   0.0 |      14 |       0 |   0.0
            +---------+---------+-------+---------+---------+-------
        D:1 |      24 |       0 |   0.0 |      14 |       0 |   0.0
            +---------+---------+-------+---------+---------+-------

Skill      XL: |  1 |
---------------+----+-----
Earth Magic    | 4 |  4.6
Dodging        | |  1.7
Stealth        | |  2.4
Spellcasting   | |  2.1
Transmutations | |  1.1

Action                     || total
---------------------------++-------
  Melee: Unarmed           ||     1
   Cast: Sandblast         ||    24
 Armour: Robe              ||    10
  Dodge: Dodged            ||     6

Illustrated notes

Table legend:
 A = Kills in this place as a percentage of kills in the entire game.
 B = Kills by you in this place as a percentage of kills by you in the entire game.
 C = Kills by friends in this place as a percentage of kills by friends in the entire game.
 D = Other kills in this place as a percentage of other kills in the entire game.
 E = Experience gained in this place as a percentage of experience gained in the entire game.
 F = Experience gained in this place divided by the number of levels of this place that you have seen.
                   A       B       C       D       E      F
               +-------+-------+-------+-------+-------+----------------------
         Total | 100.0 | 100.0 |   N/A |   N/A | 100.0 |  24.0
       Dungeon | 100.0 | 100.0 |   N/A |   N/A | 100.0 |  24.0
               +-------+-------+-------+-------+-------+----------------------

Table legend: (Time is in decaauts)
 A = Elapsed time spent in this place.
 B = Non-inter-level travel time spent in this place.
 C = Inter-level travel time spent in this place.
 D = Time resting spent in this place.
 E = Time spent auto-exploring this place.
 F = Levels seen in this place.
 G = Mean time per level.
                   A        B        C        D        E       F      G
               +--------+--------+--------+--------+--------+-----+--------+
         Total |    493 |    479 |     14 |      0 |    394 |   1 |  493.0 |
       Dungeon |    493 |    479 |     14 |      0 |    394 |   1 |  493.0 |
               +--------+--------+--------+--------+--------+-----+--------+

Top non-repeatable levels by time:
     D:1: 493 daAuts
